 Dungeon Crawl Stone Soup version 0.27.1-33-g824d729ab1 (webtiles) character file.

Game seed: 15716709606580931724

162 pkoi the Ruffian (level 5, 0/41 HPs)
             Began as a Draconian Gladiator on Dec 15, 2021.
             Slain by an orc (2 damage)
             ... on level 4 of the Dungeon.
             The game lasted 00:02:54 (3486 turns).

pkoi the Ruffian (Draconian Gladiator)              Turns: 3486, Time: 00:02:55

Health: 0/41       AC:  6    Str: 17    XL:     5   Next: 19%
Magic:  5/5        EV: 12    Int:  9    God:
Gold:   109        SH:  0    Dex: 12    Spells: 4/4 levels left

rFire    . . .     SeeInvis .     - Unarmed
rCold    . . .     Faith    .   (no shield)
rNeg     . . .     Spirit   .   (armour unavailable)
rPois    .         Reflect  .   a - +0 hat
rElec    .         Harm     .   (no cloak)
rCorr    .         Rampage  .   h - +0 pair of gloves
Will     .....                  (no boots)
Stlth    +.........             (no amulet)
HPRegen  0.13/turn              (no ring)
MPRegen  0.09/turn              (no ring)

@: flying
A: AC +5, unfitting armour, cold-blooded
a: no special abilities


You were on level 4 of the Dungeon.
You visited 1 branch of the dungeon, and saw 4 of its levels.

You collected 109 gold pieces.

Inventory:

Missiles
 b - 3 throwing nets (quivered)
Armour
 a - a +0 hat (worn)
 h - a +0 pair of gloves (worn)
Jewellery
 c - a +6 ring of dexterity
 i - a ring of magical power
Scrolls
 d - a scroll of amnesia {unknown}
 e - 3 scrolls of identify
 f - 2 scrolls of fog {unknown}
 j - a scroll of noise {unknown}
Potions
 g - a potion of curing


   Skills:
 - Level 2.1 Fighting
 - Level 1.7 Throwing
 - Level 2.6 Dodging
 + Level 6.0 Unarmed Combat


You had 4 spell levels left.
You didn't know any spells.
Your spell library contained the following spells:

 Spells                   Type           Power      Damage    Failure   Level
 Tukima's Dance           Hex            0%         N/A       77%         3
 Passage of Golubria      Tloc           N/A        N/A       99%         4
 Yara's Violent Unravell  Hex/Tmut       0%         3d3       100%        5


Dungeon Overview and Level Annotations

Branches:
Dungeon (4/15)
 Temple: D:4-7

Altars:

Shops:
D:2 !   D:3 (


Innate Abilities, Weirdness & Mutations

Your plain brown scales are hard. (AC +5)
You cannot fit into any form of body armour.
You are cold-blooded and may be slowed by cold attacks.


Message History

The orc closely misses you.
There is a stone staircase leading down here.
You barely miss the orc. The orc hits you with a +0 trident!
The orc misses you.
You hit the orc.
You tail-slap the orc, but do no damage.
The orc is lightly wounded.
The orc priest calls down the wrath of Beogh upon you.
Beogh smites you!
* * * LOW HITPOINT WARNING * * *
The orc hits you with a +0 trident.
* * * LOW HITPOINT WARNING * * *
The orc barely misses you.
It was a potion of flight.
You feel very buoyant.
You fly up into the air.
The orc barely misses you. x2
The orc barely misses you. The orc hits you but does no damage.
You fly downwards.
You hear the sound of rushing water.
There is an entrance to a sewer on this level.
Hurry and find it before the portal rusts away!
Found 2 scrolls of magic mapping, 54 stones, a robe and 6 gold pieces.
There is a stone staircase leading up here.
You hit the orc but do no damage. You punch the orc, but do no damage.
The orc hits you with a +0 trident.
* * * LOW HITPOINT WARNING * * *
You hit the orc. You tail-slap the orc.
The orc is moderately wounded.
The orc hits you but does no damage.
The adder skeleton bites you but does no damage.
You hit the orc but do no damage.
The orc is moderately wounded.
The orc barely misses you. The orc hits you with a +0 club.
* * * LOW HITPOINT WARNING * * *
The adder skeleton bites you but does no damage.
You completely miss the orc.
The orc is moderately wounded.
The orc hits you with a +0 trident.
* * * LOW HITPOINT WARNING * * *
The orc hits you with a +0 club.
You die...

#o #. #
#.######.#
##.........
#####.........#
(............#
..(...oZ.....##
#.@o..?...
###...#### ..[#
####


You could see 3 orcs and an adder skeleton.

Vanquished Creatures
  Robin (D:2)
  4 adders
  An ufetubus (D:3)
  2 worms (D:2)
  5 dart slugs
  2 orcs (D:3)
  5 bats
  7 endoplasms
  6 giant cockroaches
  20 goblins
  5 hobgoblins
  3 jackals (D:3)
  7 kobolds
  4 quokkas (D:2)
  A frilled lizard (D:2)
  10 rats
83 creatures vanquished.

Vanquished Creatures (others)
  A plant (D:1)
1 creature vanquished.

Grand Total: 84 creatures vanquished

Notes
Turn   | Place    | Note
-------+----------+-------------------------------------------
     0 | D:1      | pkoi the Draconian Gladiator began the quest for the Orb.
     0 | D:1      | Reached XP level 1. HP: 17/17 MP: 1/1
   217 | D:1      | Reached XP level 2. HP: 16/24 MP: 2/2
   674 | D:1      | Reached skill level 4 in Unarmed Combat
   927 | D:1      | Reached XP level 3. HP: 29/29 MP: 3/3
  1216 | D:2      | Found a faded altar of an unknown god.
  1277 | D:2      | Found Olaisol's Distillery.
  1974 | D:2      | Reached skill level 5 in Unarmed Combat
  1974 | D:2      | Reached XP level 4. HP: 18/36 MP: 4/4
  2251 | D:2      | Noticed Robin
  2602 | D:2      | Killed Robin
  3109 | D:3      | Reached XP level 5. HP: 38/41 MP: 5/5
  3327 | D:3      | Found Gosiqiten's Weapon Emporium.
  3471 | D:3      | Reached skill level 6 in Unarmed Combat
  3486 | D:4      | HP: 2/41 [orc (2)]
  3486 | D:4      | Slain by an orc

Illustrated notes

Levels and vault maps discovered:
D:1:      erik_arrival_orb_chamber, layout_loops_ring, kennysheep_minor_cross,
          fountainhead, serial_bayou_pond_e
D:2:      minmay_razor_zed, layout_basic, hellmonk_ecumenical_altar_crossroads,
          serial_shops, nicolae_diamond_shop, uniq_robin
D:3:      layout_basic, serial_glass, glass_columns_b, glass_columns_c,
          glass_columns_b, glass_columns_a, serial_shops,
          nicolae_shop_temple_entry_statues_fountains
D:4:      layout_loops_ring, mainiacjoe_overflow_surrounded_room,
          grunt_temple_overflow_open, portal_sewer_entry_f,
          amcnicky_mini_rare_corridor_liquid, due_unseen_surprise

Skill      XL: |  1  2  3  4  5 |
---------------+----------------+-----
Unarmed Combat | 4 5 6 |  6.0
Fighting       | |  2.1
Throwing       | |  1.7
Dodging        | |  2.6

Action                   |  1- 3 |  4- 6 || total
-------------------------+-------+-------++-------
Melee: Unarmed           |   149 |   118 ||   267
       Tailslap          |    12 |    14 ||    26
       Punch             |     3 |     4 ||     7
  Use: Scroll            |     3 |       ||     3
       Potion            |       |     1 ||     1
 Stab: Sleeping          |       |     1 ||     1
Armor: Skin              |    45 |    44 ||    89
Dodge: Dodged            |   108 |    66 ||   174
